 Dungeon Crawl Stone Soup version 0.31-a0-188-g5e087ee2ca (webtiles) character file.

Game seed: 16649112006727196361

25 qw the Shooter (level 2, 0/16 HPs)
             Began as a Deep Elf Hunter on June 23, 2023.
             Frozen to death by an endoplasm (5 damage)
             ... on level 1 of the Dungeon.
             The game lasted 00:00:13 (307 turns).

qw the Shooter (Deep Elf Hunter)                     Turns: 307, Time: 00:00:14

Health: 0/16       AC:  3    Str:  8    XL:     2   Next: 86%
Magic:  4/4        EV: 12    Int: 13    God:
Gold:   46         SH:  0    Dex: 18    Spells: 1/1 levels left

rFire   . . .        a - +0 shortbow
rCold   . . .        (shield currently unavailable)
rNeg    . . .        c - +0 leather armour
rPois   .            (no helmet)
rElec   .            (no cloak)
rCorr   .            (no gloves)
SInv    .            (no boots)
Will    .....        (no amulet)
Stlth   ++           (no ring)
HPRegen 0.22/turn    (no ring)
MPRegen 0.09/turn

%: no passive effects
@: no status effects
A: no striking features
a: no special abilities


You were on level 1 of the Dungeon.
You visited 1 branch of the dungeon, and saw 1 of its levels.

You collected 46 gold pieces.


   Skills:
 - Level 1.5 Fighting
 + Level 6.5 Ranged Weapons
 - Level 2.4 Dodging
 - Level 1.2 Stealth


You had one spell level left.
You didn't know any spells.
Your spell library was empty.

Inventory:

Hand Weapons
 a - a +0 shortbow (weapon)
Armour
 c - a +0 leather armour (worn)
Scrolls
 b - a scroll of butterflies
 d - a scroll of identify {unknown}
 f - a scroll of revelation {unknown}
 g - a scroll of enchant weapon {unknown}
Potions
 e - 2 potions of mutation {unknown}

Dungeon Overview and Level Annotations

Branches:
Dungeon (1/15)

Altars:


Message History

The hobgoblin shouts!
An endoplasm comes into view.
Enter note:
Enter note:
Enter note: You shoot an arrow.
The arrow closely misses the quokka.
You shoot an arrow.
The arrow hits the quokka but does no damage.
The quokka closely misses you.
You shoot an arrow. The arrow misses the quokka.
The arrow hits the hobgoblin.
The hobgoblin is moderately wounded.
The quokka bites you. The quokka closely misses you.
You shoot an arrow. The arrow hits the quokka.
The quokka is lightly wounded.
The quokka twitches its whiskers.
The quokka bites you.
You shoot an arrow. The arrow barely misses the hobgoblin.
The quokka closely misses you. The hobgoblin hits you.
You shoot an arrow. The arrow hits the hobgoblin!
You kill the hobgoblin!
The quokka bites you but does no damage.
The quokka misses you.
You shoot an arrow. The arrow hits the quokka.
The quokka is severely wounded.
The endoplasm barely misses you. The quokka barely misses you.
You shoot an arrow.
The arrow hits the quokka but does no damage.
The quokka is severely wounded.
The endoplasm hits you. The quokka bites you.
You shoot an arrow.
The arrow hits the quokka but does no damage.
The quokka is severely wounded.
The quokka barely misses you. The endoplasm closely misses you.
The quokka barely misses you. The endoplasm hits you.
You shoot an arrow. The arrow hits the quokka.
The quokka is almost dead.
The quokka barely misses you. The endoplasm freezes you.
You are frozen.
You die...

............#
........%...###############
...........................
######..###.........#######
...# ##.###.######....###
...####.#.................
............####..####....
...#####.#.....#.## ....
....# #%#......@# ...
....## #.....#.Jr# ..
.....####..#......
..#....##.%........
..##......###....###
..#######......#.. ##)..
....#####......#.. .....
#.#..##....[...#.# ##....
#.##....#......# ####....##


You could see an endoplasm and a quokka.

Vanquished Creatures
  A dart slug (D:1)
  3 giant cockroaches (D:1)
  4 hobgoblins (D:1)
  A jackal (D:1)
  2 quokkas (D:1)
  2 ball pythons (D:1)
  2 bats (D:1)
  3 frilled lizards (D:1)
  3 kobolds (D:1)
  3 rats (D:1)
24 creatures vanquished.

Notes
Turn   | Place    | Note
-------+----------+-------------------------------------------
     0 | D:1      | qw the Deep Elf Hunter began the quest for the Orb.
     0 | D:1      | Reached XP level 1. HP: 12/12 MP: 3/3
     0 | D:1      | 0 ||| qw: Version: 0.3-a-9-g12657ce
     0 | D:1      | 0 ||| qw: Game counter: 3803
     0 | D:1      | 0 ||| qw: Always use a shield: true
     0 | D:1      | 0 ||| qw: God list: Okawaru
     0 | D:1      | 0 ||| qw: Allow faded altars: false
     0 | D:1      | 0 ||| qw: Do Orc after D:15 true
     0 | D:1      | 0 ||| qw: Do second Lair branch before Depths: true
     0 | D:1      | 0 ||| qw: Lair rune preference: random
     0 | D:1      | 0 ||| qw: Plans: Normal
     0 | D:1      | 0 ||| PLANNING D:1-11
    86 | D:1      | 86 ||| FLEEEEING.
    87 | D:1      | 87 ||| FLEEEEING.
    88 | D:1      | 88 ||| FLEEEEING.
    92 | D:1      | Reached XP level 2. HP: 15/16 MP: 4/4
    97 | D:1      | Reached skill level 6 in Ranged Weapons
   306 | D:1      | HP: 4/16 [endoplasm (2)]
   307 | D:1      | Frozen to death by an endoplasm

Levels and vault maps discovered:
D:1:      wheals_arrival_shading, layout_rooms, serial_bayou_pond_c,
          minmay_cut_off

Skill      XL: |  1  2 |
---------------+-------+-----
Ranged Weapons | 6 |  6.5
Fighting       | |  1.5
Dodging        | |  2.4
Stealth        | |  1.2

Action                     || total
---------------------------++-------
   Fire: Shortbow          ||    64
 Armour: Leather armour    ||     4
  Dodge: Dodged            ||    16

Table legend:
 A = Non-vault XP
 B = Vault XP
 C = Vault XP percentage of total XP
 D = Non-vault monster count
 E = Vault monster count
 F = Vault count percentage of total count
                 A         B        C        D         E       F
            +---------+---------+-------+---------+---------+-------
      Total |      32 |       5 |  13.5 |      21 |       3 |  12.5
            +---------+---------+-------+---------+---------+-------
        D:1 |      32 |       5 |  13.5 |      21 |       3 |  12.5
            +---------+---------+-------+---------+---------+-------
